 Dungeon Sprint DCSS version 0.18-a0-1797-gc18daef (webtiles) character file.

36765 Kidiri the Slayer (level 13, -5/143 HPs)
             Began as a Hill Orc Fighter on Apr 22, 2016.
             Was the Champion of Beogh.
             Slain by a vampire knight
             ... wielding a +0 battleaxe
              (13 damage)
             ... in the Dungeon (Sprint V: "Ziggurat Sprint").
             The game lasted 00:20:00 (2672 turns).

Kidiri the Slayer (Hill Orc Fighter)                Turns: 2672, Time: 00:20:00

Health: -5/143     AC: 45    Str: 34    XL:     13   Next: 92%
Magic:  0/33       EV:  9    Int: 11    God:    Beogh [******]
Gold:   0          SH: 35    Dex: 18    Spells: 0 memorised, 12 levels left

rFire  . . .     SeeInvis .     a - +6 shillelagh "Devastator" {shatter}
rCold  . . .     Gourm    .     b - +15 Maxwell's patent armour {-Cast -Tele rElec MR+ rCorr}
rNeg   + . .     Faith    .     c - +18 shield of the gong {rElec rN+ MR+ EV-5}
rPois  +         Spirit   +     (no helmet)
rElec  +         Dismiss  .     S - +2 cloak {+Inv}
rCorr  +         Reflect  .     K - +2 pair of gloves of the Wheelwright {Dex+2}
SustAt .         Harm     .     X - +2 pair of boots of the Blacksmith {Int+4}
MR     ++...     NoTele   +     L - amulet of Cexag {Spirit MP+9 Dex+2}
Stlth  .......... NoCast   +    J - ring "Gisageint" {Wiz *Contam rPois Str+3 Dex+4}
                                D - +6 ring of strength

@: slowed, heavily drained, very slow, very resistant to hostile enchantments,
extremely unstealthy
A: walk on water, claws 1, blurry vision 1
a: Smiting, Recall Orcish Followers, Give Item to Named Follower, Resurrection,
Renounce Religion, Evoke Invisibility


You were in the Dungeon.
You worshipped Beogh.
Beogh was exalted by your worship.
You were hungry.

You visited 1 branch

Inventory:

Hand Weapons
 a - the +6 shillelagh "Devastator" (weapon) {shatter}
   (You found it in the Dungeon)
Armour
 b - the +15 Maxwell's patent armour (worn) {-Cast -Tele rElec MR+ rCorr}
   (You found it in the Dungeon)

   It insulates you from electricity.
   It affects your resistance to hostile enchantments.
   It prevents spellcasting.
   It prevents most forms of teleportation.
   It protects you from acid and corrosion.
 c - the +18 shield of the gong (worn) {rElec rN+ MR+ EV-5}
   (You found it in the Dungeon)

   It affects your evasion (-5).
   It insulates you from electricity.
   It protects you from negative energy.
   It affects your resistance to hostile enchantments.
 A - a +2 troll leather armour
 K - the +2 pair of gloves of the Wheelwright (worn) {Dex+2}
   (You found it in the Dungeon)

   It affects your dexterity (+2).
 S - a +2 cloak of invisibility (worn)
 X - the +2 pair of boots of the Blacksmith (worn) {Int+4}
   (You found it in the Dungeon)

   It affects your intelligence (+4).
Jewellery
 o - a +3 ring of dexterity
 u - a +3 ring of evasion
 D - a +6 ring of strength (left hand)
 J - the ring "Gisageint" (right hand) {Wiz *Contam rPois Str+3 Dex+4}
   (You found it in the Dungeon)

   [ring of wizardry]

   It improves your spell success rate.
   It affects your strength (+3).
   It affects your dexterity (+4).
   It protects you from poison.
   It causes magical contamination when unequipped.
 L - the amulet of Cexag (around neck) {Spirit MP+9 Dex+2}
   (You found it in the Dungeon)

   [amulet of guardian spirit]

   It causes incoming damage to be split between your health and magic.
   It affects your dexterity (+2).
   It affects your magic capacity (+9).
 O - the ring "Heabry" {rPois rF- Str-2 Int+8 SInv}
   (You found it in the Dungeon)

   [ring of poison resistance]

   It affects your strength (-2).
   It affects your intelligence (+8).
   It makes you vulnerable to fire.
   It protects you from poison.
   It lets you see invisible.
 P - the ring of Immorality {Fire MP-9 Int+4}
   (You found it in the Dungeon)

   [ring of fire]

   It enhances your fire magic, and weakens your ice magic.
   It affects your intelligence (+4).
   It protects you from fire.
   It makes you vulnerable to cold.
   It affects your magic capacity (-9).
 Q - an uncursed ring of protection from cold
 T - an uncursed ring of magical power
 V - an uncursed ring of stealth
Wands
 F - a wand of disintegration (7/24)
 G - a wand of iceblast (5/15)
 H - a wand of lightning (2/15)
 I - a wand of acid (4/15)
Scrolls
 k - 4 scrolls of blinking
 q - 4 scrolls of amnesia
 r - 3 scrolls of recharging
 s - 7 scrolls of fog
 t - a scroll of holy word
 v - 5 scrolls of remove curse
 w - 2 scrolls of fear
 N - 2 scrolls of enchant armour
 R - 2 scrolls of brand weapon
Potions
 d - 6 potions of might
 e - 8 potions of curing
 g - 2 potions of heal wounds
 h - 6 potions of haste
 i - 7 potions of magic
 j - 3 potions of berserk rage
 l - 2 potions of brilliance
 m - 2 potions of invisibility
 n - 4 potions of resistance
 p - 5 potions of agility
Miscellaneous
 y - a plain deck of changes {drawn: 2}
 C - a plain deck of summoning
 E - a plain deck of changes {the Mercenary}
 M - a plain deck of changes {drawn: 1}
 U - an ornate deck of summoning {the Rangers}
Comestibles
 f - 5 bread rations
 x - 42 fruits
 z - 3 meat rations
 B - 3 royal jellies


   Skills:
 * Level 21.2(18.7) Fighting
 * Level 17.5(15.1) Maces & Flails
 * Level 17.6(15.3) Armour
 + Level 10.3(8.3) Dodging
 * Level 17.7(15.4) Shields
 + Level 14.8(12.6) Invocations


You had 12 spell levels left.
You didn't know any spells.

Dungeon Overview and Level Annotations

Branches:
Dungeon (1/1)

Altars:
Ashenzari
Cheibriados
Dithmenos
Elyvilon
Fedhas
Gozag
Kikubaaqudgha
Makhleb
Nemelex Xobeh
Okawaru
Pakellas
Qazlal
Ru
Sif Muna
Trog
Vehumet
Xom
Yredelemnul
Zin
The Shining One
Beogh
Jiyva
Lugonu


Innate Abilities, Weirdness & Mutations

You can walk on water.
You have sharp fingernails.
Scrolls take you a little longer to read.


Message History

You block something's attack.
PANG!
Something misses Blodwig.
Something bites you but does no damage.
Blodwig hits something with the +6 great mace "Poossiywn" {venom, *Contam +Rage rN+++ MR-}!!
You block the shadow's attack.
PANG!
Something hits you!
* * * LOW HITPOINT WARNING * * *
Something drains your vigour!
You feel as though you will be slow longer.
The vampire mage hits you but does no damage.
You partially resist.
You feel drained. You block the vampire mage's attack.
GONNNNG!
You block the shadow's attack.
BONNNG!
You block something's attack.
GONNNNG!
Something is infused with unholy energy, but nothing happens.
The shadow hits you. Something hits you!
You die...

▓..........
..|).)).|}}).▓.....)....
...:..)=))}..▓.....)....
.............▓..▓.....▓.
▓.............▓.▓▓▓...▓▓▓
▓.............▓..▓.....▓.
.............▓..........
.....§V{W....▓▓▓▓▓▓▓▓▓▓▓
▓...{@W.▓ ▓...8©8...▓ ▓
▓▓..{§M▓▓ ▓....}=...▓
▓..▓...oM§.▓..▓....==}..▓
▓.......§.....▓.........▓
▓.............▓.........▓
▓▓▓▓▓▓▓▓▓▓▓▓▓▓▓.........▓
▓.........▓ ▓.........▓
▓.▓.....▓.▓


You could see a vampire mage, 2 shadows, 2 mummies and the friendly Blodwig the
orc knight.

Vanquished Creatures
  An acid blob (D)
  An azure jelly (D)
  A ghoul (D)
  A vampire knight (D)
  A vault guard (D)
  2 death oozes (D)
  3 yaktaur captains (D)
  A great orb of eyes (D)
  A centaur warrior (D)
  A hell hog (D)
  A death knight (D)
  2 vampire magi (D)
  5 hell knights (D)
  A death scarab (D)
  2 giant orange brains (D)
  An ironbrand convoker (D)
  An orc knight (D)
  2 necromancers (D)
  2 shining eyes (D)
  2 cyclopes (D)
  2 rust devils (D)
  A vault sentinel (D)
  3 eyes of devastation (D)
  A tormentor (D)
  A yaktaur (D)
  A guardian mummy (D)
  2 red devils (D)
  9 slime creatures (D)
  5 shadows (D)
  2 wraiths (D)
  A ynoxinul (D)
  A chaos spawn (D)
  A steam dragon (D)
  A vampire mosquito (D)
  2 golden eyes (D)
  A neqoxec (D)
  3 giant eyeballs (D)
  4 hell hounds (D)
  An eye of draining (D)
  4 swamp drakes (D)
  4 necrophages (D)
  A black bear (D)
  4 wolves (D)
  2 centaurs (D)
  6 wights (D)
  3 jellies (D)
  A crimson imp (D)
  A quasit (D)
  2 iron imps (D)
  3 mummies (D)
  An adder (D)
  A white imp (D)
  An ufetubus (D)
  3 oozes (D)
  3 adder zombies (D)
  2 bat skeletons (D)
  3 bat zombies (D)
  5 ball pythons (D)
  2 ball python skeletons (D)
  2 giant cockroach zombies (D)
  A giant gecko skeleton (D)
  A jackal zombie (D)
  A quokka zombie (D)
131 creatures vanquished.

Vanquished Creatures (collateral kills)
  2 liches (D)
  A wretched star (D)
  An unseen horror (D)
  A smoke demon (D)
  A rust devil (D)
  A tormentor (D)
  A rime drake (D)
  2 red devils (D)
  A flying skull (D)
  2 shadows (D)
  2 wyverns (D)
  A swamp drake (D)
  A small abomination (D)
  A wight (D)
  A mummy (D)
  A white imp (D)
  2 adder zombies (D)
  A bat zombie (D)
23 creatures vanquished.

Vanquished Creatures (others)
  An orc knight (D)
  An orc warrior (D)
  A rime drake (D)
  An ancient zyme (D)
  A shadow (D)
  2 orc wizards (D)
  A wyvern (D)
  3 orcs (D)
  A giant cockroach zombie (D)
12 creatures vanquished.

Grand Total: 166 creatures vanquished

Notes
Turn   | Place    | Note
--------------------------------------------------------------
     0 | D        | Kidiri the Hill Orc Fighter began the quest for the Orb.
     0 | D        | Reached XP level 1. HP: 19/19 MP: 1/1
     0 | D        | Found a viscous altar of Jiyva.
     0 | D        | Found a roughly hewn altar of Beogh.
     0 | D        | Found a corrupted altar of Lugonu.
     0 | D        | Found a white marble altar of Elyvilon.
     0 | D        | Found a sparkling altar of Nemelex Xobeh.
     1 | D        | Found a burning altar of Makhleb.
     1 | D        | Found an iron altar of Okawaru.
     1 | D        | Found a deep blue altar of Sif Muna.
     1 | D        | Found a radiant altar of Vehumet.
     1 | D        | Found a bloodstained altar of Trog.
     1 | D        | Found a shimmering altar of Xom.
    18 | D        | Became a worshipper of Beogh the Brigand
    75 | D        | Reached skill level 5 in Fighting
    75 | D        | Reached skill level 1 in Dodging
    75 | D        | Reached XP level 2. HP: 29/29 MP: 1/3
   101 | D        | Entered arena 1.
   210 | D        | Entered arena 2.
   210 | D        | Noticed a swamp drake
   210 | D        | Noticed a swamp drake
   210 | D        | Noticed a steam dragon
   224 | D        | Killed a swamp drake
   224 | D        | Reached * piety under Beogh
   224 | D        | Reached skill level 6 in Fighting
   224 | D        | Reached skill level 5 in Maces & Flails
   224 | D        | Reached XP level 3. HP: 25/38 MP: 3/5
   224 | D        | Reached XP level 4. HP: 29/45 MP: 3/6
   224 | D        | Killed a swamp drake
   224 | D        | Reached skill level 7 in Fighting
   224 | D        | Reached XP level 5. HP: 34/52 MP: 3/8
   229 | D        | Killed a steam dragon
   229 | D        | Reached skill level 8 in Fighting
   229 | D        | Reached skill level 5 in Invocations
   229 | D        | Reached XP level 6. HP: 41/61 MP: 3/10
   330 | D        | Entered arena 3.
   330 | D        | Noticed a guardian mummy
   330 | D        | Noticed a death scarab
   336 | D        | Reached ** piety under Beogh
   338 | D        | Killed a death scarab
   338 | D        | Reached skill level 9 in Fighting
   338 | D        | Reached XP level 7. HP: 57/71 MP: 10/12
   338 | D        | Reached XP level 8. HP: 63/79 MP: 10/13
   338 | D        | Killed a guardian mummy
   338 | D        | Reached skill level 10 in Fighting
   405 | D        | Entered arena 4.
   407 | D        | Reached *** piety under Beogh
   416 | D        | Got the ring "Gisageint" {Wiz *Contam rPois Str+3 Dex+4}
   424 | D        | Entered arena 5.
   428 | D        | Reached **** piety under Beogh
   428 | D        | Reached skill level 10 in Armour
   428 | D        | Reached skill level 10 in Shields
   429 | D        | Reached skill level 11 in Fighting
   429 | D        | Reached skill level 5 in Dodging
   442 | D        | Got the +2 pair of gloves of the Wheelwright {Dex+2}
   450 | D        | Got the amulet of Cexag {Spirit MP+9 Dex+2}
   578 | D        | Entered arena 6.
   578 | D        | Noticed a centaur warrior
   578 | D        | Noticed a cyclops
   578 | D        | Noticed a yaktaur
   578 | D        | Noticed a cyclops
   586 | D        | Killed a yaktaur
   586 | D        | Reached ***** piety under Beogh
   586 | D        | Reached skill level 10 in Maces & Flails
   586 | D        | Reached XP level 9. HP: 78/89 MP: 15/15
   588 | D        | Killed a cyclops
   589 | D        | Killed a centaur warrior
   589 | D        | Reached skill level 12 in Fighting
   593 | D        | Killed a cyclops
   593 | D        | Reached XP level 10. HP: 83/99 MP: 17/17
   617 | D        | Got the ring "Wastryot" {rN+ MP+9 Int+3}
   653 | D        | Entered arena 7.
   667 | D        | Reached ****** piety under Beogh
   674 | D        | Entered arena 8.
   674 | D        | Noticed an eye of devastation
   677 | D        | Paralysed by a giant eyeball for 2 turns
   682 | D        | Paralysed by a giant eyeball for 2 turns
   685 | D        | Killed an eye of devastation
   685 | D        | Reached skill level 13 in Fighting
   696 | D        | Got the ring of Xyaxziumyo {rF+ MP+9}
   731 | D        | Entered arena 9.
   740 | D        | Reached skill level 10 in Invocations
   770 | D        | Got the amulet "Meqeguoth" {Spirit Slay+2}
   785 | D        | Entered arena 10.
   785 | D        | Noticed an orc knight
   785 | D        | Noticed a yaktaur captain
   785 | D        | Noticed a vault guard
   785 | D        | Noticed a vault sentinel
   785 | D        | Noticed a yaktaur captain
   785 | D        | Noticed a yaktaur captain
   785 | D        | Noticed a death knight
   785 | D        | Noticed an ironbrand convoker
   800 | D        | Killed a yaktaur captain
   801 | D        | Killed a yaktaur captain
   801 | D        | Reached skill level 14 in Fighting
   801 | D        | Reached XP level 11. HP: 84/110 MP: 18/18
   801 | D        | Killed a yaktaur captain
   803 | D        | Killed an ironbrand convoker
   805 | D        | Killed a death knight
   808 | D        | Killed a vault guard
   808 | D        | Killed an orc knight
   808 | D        | Reached skill level 15 in Fighting
   960 | D        | Entered arena 11.
   960 | D        | Noticed a hell knight
   962 | D        | Drew Focus: Str increased to 24, Int decreased to 7
   967 | D        | Killed a hell knight
   967 | D        | Gained Nordag as an ally
   991 | D        | Got the +2 pair of boots of the Blacksmith {Int+4}
  1117 | D        | Got the +10 long sword of Absolution {flame, rF++ rN+ Str+2 Dex-4}
  1123 | D        | Entered arena 12.
  1123 | D        | Noticed an acid blob
  1123 | D        | Noticed a giant orange brain
  1123 | D        | Noticed a great orb of eyes
  1124 | D        | Noticed an azure jelly
  1124 | D        | Noticed a shining eye
  1128 | D        | Killed a shining eye
  1150 | D        | Killed a giant orange brain
  1150 | D        | Reached skill level 16 in Fighting
  1150 | D        | Reached XP level 12. HP: 39/122 MP: 5/21
  1153 | D        | Killed an acid blob
  1163 | D        | Killed an azure jelly
  1163 | D        | Reached skill level 17 in Fighting
  1163 | D        | Reached skill level 15 in Maces & Flails
  1163 | D        | Reached skill level 15 in Armour
  1163 | D        | Reached skill level 15 in Shields
  1165 | D        | Killed a great orb of eyes
  1262 | D        | Got the ring of Wufusao {Ice rPois rN++}
  1438 | D        | Entered arena 13.
  1457 | D        | Gained mutation: Scrolls take you a little longer to read. [helix card]
  1656 | D        | Got the +6 great mace "Poossiywn" {venom, *Contam +Rage rN+++ MR-}
  1662 | D        | Entered arena 14.
  1663 | D        | Noticed a hell knight
  1681 | D        | Killed a hell knight
  1681 | D        | Reached skill level 18 in Fighting
  1714 | D        | Got the ring "Heabry" {rPois rF- Str-2 Int+8 SInv}
  1717 | D        | Got the ring of Immorality {Fire MP-9 Int+4}
  1850 | D        | Entered arena 15.
  1853 | D        | Noticed a hell hog
  1859 | D        | Killed a hell hog
  1874 | D        | Reached skill level 19 in Fighting
  2018 | D        | Entered arena 16.
  2022 | D        | Noticed a wretched star
  2022 | D        | Noticed a lich
  2022 | D        | Noticed a lich
  2031 | D        | Reached XP level 13. HP: 125/137 MP: 23/23
  2033 | D        | Killed a lich
  2035 | D        | Gained mutation: You have sharp fingernails. [a neqoxec]
  2038 | D        | Gained Blodwig as an ally
  2050 | D        | Killed a lich
  2050 | D        | Reached skill level 20 in Fighting
  2308 | D        | Entered arena 17.
  2311 | D        | Noticed a death ooze
  2311 | D        | Noticed a death ooze
  2315 | D        | Paralysed by a giant eyeball for 3 turns
  2330 | D        | Killed a death ooze
  2333 | D        | Killed a death ooze
  2352 | D        | Reached skill level 10 in Dodging
  2611 | D        | Entered arena 18.
  2612 | D        | Noticed a vampire knight
  2615 | D        | Noticed a ghoul
  2617 | D        | Noticed a vampire knight
  2625 | D        | Killed a ghoul
  2625 | D        | Reached skill level 21 in Fighting
  2633 | D        | Killed a vampire knight
  2634 | D        | Your ally Nordag died
  2642 | D        | Noticed a jiangshi
  2670 | D        | HP: 5/143 [something (30)]
  2671 | D        | HP: 1/143 [something (18)]
  2672 | D        | Slain by a vampire knight

Vault maps used:
D:        sprint_v

Skill      XL: |  1  2  3  4  5  6  7  8  9 10 11 12 13 |
---------------+----------------------------------------+-----
Fighting       | 5 6 7 8 9 11 12 14 16 19 21 | 21.2
Maces & Flails | 4 5 6 7 8 10 11 12 14 15 17 | 17.5
Armour         | 4 6 7 9 10 11 13 14 16 17 | 17.6
Dodging        | 1 2 3 4 5 6 8 9 10 | 10.3
Shields        | 4 6 7 9 10 11 13 14 16 17 | 17.7
Invocations    | 2 3 4 5 6 8 9 10 12 13 14 | 14.8

Action                   |  1- 3 |  4- 6 |  7- 9 | 10-12 | 13-15 || total
-------------------------+-------+-------+-------+-------+-------++-------
Melee: Shillelagh        |    10 |     8 |    14 |   130 |    93 ||   255
Invok: Recall Orcish Fol |       |       |       |     5 |     1 ||     6
       Smiting           |       |       |       |     6 |     2 ||     8
       Give Item to Name |       |       |       |     1 |     1 ||     2
Evoke: Deck              |       |       |       |     3 |       ||     3
       Wand              |       |       |       |       |     4 ||     4
  Use: Potion            |     1 |       |       |     2 |     8 ||    11
       Scroll            |       |       |     1 |     6 |       ||     7
  Eat: Chunk             |       |       |       |     2 |       ||     2
       Meat ration       |       |       |       |     1 |       ||     1
Armor: Plate armour      |    15 |     5 |    15 |    88 |   250 ||   373
Dodge: Dodged            |       |     1 |     2 |    31 |    54 ||    88
Block: Shield            |     9 |     9 |    38 |   249 |   272 ||   577
